Map: Terrasses de Prion

Players

nikolai - Winner!

  • Race: Protoss Protoss
  • League: Diamond

Worming

  • Race: Zerg Zerg
  • League: Diamond

VOD

Have the link to the VOD?

Description

Time

  • Played on: Dec. 13, 2015, 10:14 a.m.
  • Length: 18:03
Show
View Real Time Build Order
Export as new Build Order

nikolai Protoss - Winner!

Build Orders: Nexus First 

Get SALT Encoding   

  12  0:01  Probe (Chrono Boost)  
  13  0:12  Probe (Chrono Boost)  
  14  0:18  Pylon  
  14  0:22  Probe (Chrono Boost)  
  15  0:36  Probe (Chrono Boost)  
  16  0:47  Probe (Chrono Boost)  
  17  0:58  Nexus  
  17  1:01  Probe (Chrono Boost)  
  18  1:13  Gateway  
  18  1:17  Probe (Chrono Boost)  
  19  1:23  Assimilator  
  19  1:26  Assimilator  
  19  1:29  Probe (Chrono Boost)  
  20  1:39  Probe (Chrono Boost)  
  21  1:43  Gateway  
  21  1:50  Probe (Chrono Boost)  
  22  2:00  Probe (Chrono Boost)  
  23  2:03  Cybernetics Core  
  23  2:11  Probe (Chrono Boost)  
  23  2:12  Probe (Chrono Boost)  
  25  2:21  Probe (Chrono Boost)  
  27  2:23  Probe (Chrono Boost)  
  27  2:32  Probe (Chrono Boost)  
  27  2:33  Probe (Chrono Boost)  
  29  2:42  Probe (Chrono Boost), Adept x2 (Chrono Boost)  
  29  2:43  Warp Gate  
  34  2:44  Mothership Core  
  35  2:52  Pylon  
  35  2:54  Probe  
  36  3:06  Probe x2  
  36  3:10  Adept x2 (Chrono Boost)  
  42  3:18  Probe  
  43  3:20  Probe  
  44  3:27  Gateway  
  44  3:29  Pylon  
  44  3:30  Probe  
  44  3:33  Probe  
  46  3:36  Robotics Facility  
  46  3:47  Probe x2  
  46  3:48  Adept (Chrono Boost)  
  50  3:59  Probe x2  
  48  4:06  Gateway  
  44  4:25  Warp Prism  
  46  4:32  Probe  
  46  4:36  Gateway  
  47  4:38  Gateway  
  47  4:47  Pylon  
  47  4:49  Pylon  
  47  5:09  Observer  
  48  5:18  Adept x4  
  56  5:30  Assimilator  
  56  5:35  Assimilator  
  56  5:37  Pylon  
  56  5:40  Adept x3  
  56  5:41  Adept x2  
  66  5:56  Immortal  
  54  6:20  Sentry x6  
  62  6:35  Immortal  
  62  6:36  Gateway  
  62  6:39  Gateway  
  66  6:47  Zealot x3  
  66  6:48  Zealot x3  
  66  6:49  Nexus  
  66  6:51  Pylon  
  66  6:53  Pylon  
  78  6:54  Pylon  
  78  7:04  Robotics Facility  
  78  7:07  Robotics Bay  
  78  7:13  Stalker x2  
  78  7:14  Stalker  
  84  7:16  Zealot x3  
  84  7:21  Probe  
  84  7:22  Probe  
  92  7:29  Immortal  
  96  7:34  Probe x2  
  96  7:37  Stalker x2  
  102  7:46  Pylon, Phoenix  
  102  7:50  Pylon x2  
  102  7:52  Pylon  
  102  8:00  Warp Prism, Gravitic Drive  
  102  8:01  Probe x2  
  102  8:04  Pylon  
  102  8:05  Probe  
  107  8:13  Probe x2  
  107  8:15  Probe  
  107  8:17  Stalker x2  
  114  8:24  Disruptor (Chrono Boost)  
  114  8:25  Probe x2  
  114  8:26  Probe  
  120  8:39  Disruptor (Chrono Boost)  
  123  8:46  Probe  
  123  8:47  Probe x2, Assimilator  
  126  8:51  Assimilator  
  126  8:59  Disruptor (Chrono Boost)  
  126  9:00  Adept x4  
  137  9:08  Forge  
  137  9:11  Twilight Council  
  137  9:12  Disruptor (Chrono Boost)  
  140  9:30  Disruptor (Chrono Boost)  
  143  9:39  Probe  
  143  9:40  Probe x2  
  143  9:41  Pylon  
  143  9:43  Disruptor (Chrono Boost)  
  149  9:57  Nexus  
  149  10:00  Pylon  
  149  10:02  Stalker x2  
  153  10:15  Disruptor (Chrono Boost)  
  153  10:16  Disruptor (Chrono Boost)  
  155  10:29  Stalker x2  
  155  10:30  Stalker x4  
  167  10:36  Protoss Ground Weapons Level 1, Pylon  
  167  10:37  Blink, Pylon  
  167  10:41  Pylon  
  167  10:43  Pylon  
  167  10:55  Immortal (Chrono Boost)  
  167  10:56  Immortal (Chrono Boost)  
  175  11:02  Nexus  
  175  11:04  Pylon  
  160  11:28  Stalker x4  
  160  11:29  Stalker x4  
  176  11:44  Colossus x2 (Chrono Boost)  
  188  11:51  Extended Thermal Lance  
  188  12:03  Nexus  
  188  12:07  Zealot x2  
  188  12:08  Zealot x2  
  194  12:49  Nexus  
  194  12:50  Pylon  
  192  13:00  Colossus (Chrono Boost)  
  192  13:01  Colossus (Chrono Boost)  
  178  13:10  Stalker x6  
  178  13:11  Stalker x2  
  159  13:46  Disruptor (Chrono Boost)  
  159  13:47  Disruptor (Chrono Boost)  
  165  13:50  Stalker x5  
  165  13:51  Stalker x3  
  177  14:11  Nexus  
  177  14:16  Zealot x4  
  177  14:17  Zealot, Disruptor (Chrono Boost)  
  185  14:18  Disruptor (Chrono Boost)  
  179  14:38  Assimilator  
  179  14:41  Assimilator  
  177  14:48  Observer (Chrono Boost), Stalker x2  
  177  14:49  Disruptor (Chrono Boost), Stalker x2  
  173  15:07  Disruptor (Chrono Boost)  
  170  15:14  Zealot x4  
  170  15:15  Zealot x3  
  184  15:25  Disruptor (Chrono Boost)  
  151  15:38  Disruptor (Chrono Boost)  
  136  15:44  Stalker x2  
  136  15:45  Stalker x3  
  128  15:59  Disruptor (Chrono Boost)  
  128  16:03  Zealot x2  
  135  16:09  Disruptor (Chrono Boost)  
  138  16:11  Stalker x2  
  135  16:26  Zealot  
  135  16:27  Adept x2  
  120  16:51  Disruptor x2 (Chrono Boost)  
  120  16:53  Probe  
  126  16:54  Probe x2  
  127  17:14  Probe x2  
  127  17:15  Probe x2  
  131  17:23  Assimilator  
  131  17:25  Assimilator  
  131  17:27  Pylon  
  139  17:47  Zealot x2  
  143  17:52  Stalker  
Show
View Real Time Build Order
Export as new Build Order

Worming Zerg 

Build Orders: Hatch First, Lurkers 

Get SALT Encoding   

  12  0:01  Drone  
  13  0:14  Overlord  
  13  0:18  Drone  
  14  0:33  Drone x2  
  16  0:41  Drone  
  17  0:59  Drone x2  
  19  1:04  Hatchery  
  18  1:12  Spawning Pool  
  18  1:15  Drone  
  18  1:25  Drone, Extractor  
  18  1:34  Drone  
  19  1:45  Overlord  
  19  1:59  Drone  
  19  2:00  Queen  
  22  2:11  Overlord  
  22  2:13  Zergling x2  
  23  2:17  Queen  
  23  2:18  Drone  
  26  2:25  Zergling x2  
  27  2:32  Metabolic Boost  
  27  2:35  Drone x2  
  29  2:38  Queen  
  31  2:47  Drone x2  
  33  3:01  Drone x3  
  36  3:13  Drone, Roach Warren  
  36  3:15  Hatchery  
  36  3:17  Zergling x4  
  35  3:29  Zergling x4  
  35  3:31  Zergling x2  
  37  3:51  Drone x9  
  42  4:06  Zergling x2  
  42  4:07  Overlord x3  
  41  4:27  Extractor  
  40  4:33  Drone x8  
  48  4:40  Overlord  
  48  4:41  Roach x2  
  56  5:00  Drone x8  
  56  5:04  Extractor  
  58  5:13  Overlord  
  58  5:18  Roach  
  58  5:19  Roach x4  
  68  5:28  Overlord  
  68  5:31  Lair  
  68  5:35  Evolution Chamber, Overlord  
  68  5:36  Evolution Chamber  
  64  5:43  Roach x7  
  64  5:44  Roach x2  
  68  6:11  Drone x9  
  76  6:19  Zerg Missile Weapons Level 1, Zerg Ground Armor Level 1  
  76  6:28  Drone x2  
  76  6:30  Drone x2  
  80  6:40  Glial Reconstitution  
  80  6:44  Drone x2, Extractor  
  80  6:45  Drone, Overlord x3  
  82  6:55  Zergling x6  
  82  6:56  Zergling x12  
  91  7:16  Hydralisk Den  
  91  7:17  Drone x2  
  92  7:23  Drone x2  
  92  7:26  Extractor  
  92  7:28  Drone x3  
  92  7:29  Drone x7  
  103  7:31  Hatchery  
  102  7:42  Drone x3  
  105  7:46  Extractor  
  105  7:47  Lurker Den  
  104  7:51  Overlord  
  104  7:52  Overlord  
  104  7:53  Zergling x8  
  108  8:03  Hydralisk x6  
  120  8:06  Overlord  
  120  8:13  Queen  
  120  8:14  Zerg Missile Weapons Level 2  
  120  8:17  Zerg Ground Armor Level 2  
  122  8:26  Zergling x14  
  129  8:44  Drone  
  129  8:45  Drone  
  131  8:57  Queen  
  131  9:00  Overlord  
  131  9:01  Overlord  
  133  9:14  Lurker x6  
  133  9:15  Hydralisk  
  133  9:16  Zergling x2, Hydralisk x4  
  133  9:17  Zergling x4  
  152  9:18  Overlord x4  
  152  9:22  Extractor  
  152  9:23  Extractor, Spine Crawler  
  149  9:28  Muscular Augments  
  145  9:35  Drone x6  
  151  9:40  Spore Crawler  
  151  9:43  Spine Crawler  
  149  9:47  Roach x4  
  149  9:48  Roach x2  
  149  9:49  Roach x2  
  165  9:55  Drone  
  165  9:56  Drone x3  
  165  9:57  Drone x2  
  165  9:58  Drone x6  
  172  10:39  Spire  
  172  10:42  Infestation Pit  
  170  10:44  Zergling x24  
  170  10:46  Zerg Melee Weapons Level 1  
  182  10:53  Hydralisk x7  
  161  11:45  Roach x6  
  161  11:46  Roach x3  
  179  11:48  Hive  
  131  12:33  Lurker  
  131  12:34  Lurker, Hatchery  
  131  12:36  Roach x4  
  140  12:37  Zergling x20  
  140  12:38  Zergling x4  
  152  12:52  Ravager x4  
  144  13:06  Roach x6, Hydralisk x7  
  170  13:16  Roach x3  
  170  13:19  Hatchery  
  173  13:33  Corruptor x7  
  138  13:42  Lurker  
  138  13:43  Lurker x2  
  138  13:47  Lurker x4, Corruptor  
  138  13:48  Corruptor x4  
  144  13:50  Ravager x6  
  158  13:58  Roach x2  
  144  14:25  Roach x3  
  144  14:26  Roach x8  
  151  14:41  Zergling x6, Roach x6  
  166  14:49  Hatchery  
  140  15:11  Hydralisk  
  140  15:12  Roach x2, Hydralisk x9  
  160  15:24  Zergling x4  
  160  15:25  Zergling x4  
  164  15:28  Ultralisk Cavern, Hatchery  
  136  15:47  Roach x8  
  105  16:06  Hydralisk x10  
  94  16:45  Hatchery  
  84  16:50  Zergling x2  
  84  16:51  Zergling x16  
  87  16:55  Hydralisk x5  
  75  17:17  Lurker x2  
  75  17:18  Lurker x3  
  75  17:28  Lurker x5  
  72  17:33  Zergling x10  
Tags
 
Add a new tag
Caveats
  • Supply blocks, unpowered buildings, or Contaminate may cause inaccurate times.
  • Supply counts are checked every 10 seconds.